Map: Nightscape LE

Players

Divus

  • Race: Zerg Zerg
  • League: Diamond

Wiseguy

  • Race: Zerg Zerg

Massa

  • Race: Terran Terran
  • League: Platinum

qqq

  • Race: Zerg Zerg

VOD

Have the link to the VOD?

Description

Time

  • Played on: April 20, 2021, 2:18 p.m.
  • Length: 11:14
Show
View Real Time Build Order
Export as new Build Order

Divus Zerg 

Build Orders: Hatch First, Roach Hydra 

Get SALT Encoding   

  12  0:01  Drone  
  13  0:12  Overlord  
  13  0:16  Drone  
  14  0:31  Drone x2  
  14  0:34  Drone  
  17  0:53  Hatchery  
  17  0:56  Drone  
  17  0:58  Drone  
  17  1:01  Extractor  
  17  1:14  Spawning Pool  
  17  1:17  Drone  
  17  1:20  Drone  
  18  1:28  Drone  
  19  1:45  Overlord  
  21  2:01  Zergling x4  
  21  2:02  Metabolic Boost, Queen  
  21  2:05  Queen  
  25  2:09  Zergling x2  
  25  2:12  Zergling x2  
  27  2:16  Zergling x2  
  27  2:22  Zergling x2  
  29  2:26  Baneling Nest  
  29  2:29  Zergling x2  
  29  2:36  Zergling x2  
  30  2:39  Zergling x2  
  31  2:45  Zergling x2  
  31  2:48  Zergling x2  
  33  2:57  Drone  
  34  3:02  Queen  
  31  3:21  Drone x5  
  36  3:28  Lair  
  35  3:47  Zergling x4  
  36  3:50  Spine Crawler  
  36  3:52  Overlord x2  
  35  4:01  Roach Warren, Queen  
  36  4:03  Baneling x4  
  36  4:09  Overlord  
  34  4:25  Drone x7  
  41  4:42  Drone  
  41  4:43  Drone x5  
  47  4:51  Zergling x4  
  47  4:52  Hydralisk Den  
  48  4:57  Overlord  
  48  4:59  Roach  
  50  5:02  Extractor  
  50  5:04  Extractor  
  48  5:23  Drone x7  
  48  5:24  Drone  
  56  5:32  Drone x5  
  61  5:39  Hydralisk Den  
  60  5:47  Evolution Chamber  
  59  5:50  Evolution Chamber  
  58  6:01  Grooved Spines  
  58  6:06  Extractor  
  58  6:07  Hatchery, Extractor, Spore Crawler  
  58  6:09  Extractor  
  58  6:10  Drone x3  
  56  6:11  Drone x4  
  56  6:17  Zerg Missile Weapons Level 1  
  57  6:31  Hydralisk x2  
  61  6:44  Spore Crawler  
  61  6:45  Zerg Ground Armor Level 1  
  60  6:49  Queen  
  60  6:52  Drone  
  60  6:53  Hydralisk  
  60  6:54  Hydralisk  
  67  7:12  Muscular Augments  
  67  7:19  Glial Reconstitution  
  67  7:25  Drone x4  
  67  7:26  Drone x2  
  67  7:29  Overlord x5  
  73  7:46  Spore Crawler, Overlord  
  73  7:47  Overlord x3  
  72  8:02  Hydralisk  
  72  8:03  Hydralisk x10  
  94  8:10  Overseer  
  94  8:11  Pneumatized Carapace  
  94  8:14  Roach  
  94  8:15  Roach  
  98  8:22  Infestation Pit  
  95  8:49  Roach x4  
  95  8:50  Roach x2  
  95  8:51  Roach x4  
  115  9:00  Drone  
  115  9:01  Drone x8  
  124  9:08  Spore Crawler  
  124  9:09  Spore Crawler  
  123  9:31  Drone x5  
  123  9:35  Roach  
  123  9:36  Roach x4  
  123  9:37  Overseer  
  123  9:38  Overseer x2  
  137  9:39  Hive  
  137  9:41  Overlord  
  136  10:04  Roach  
  114  10:38  Overlord x5  
  114  10:39  Overlord  
Show
View Real Time Build Order
Export as new Build Order

Wiseguy Zerg 

Build Orders: Hatch First 

Get SALT Encoding   

  12  0:03  Drone  
  13  0:14  Drone  
  14  0:24  Overlord  
  14  0:44  Drone x3  
  17  1:08  Hatchery  
  17  1:09  Spawning Pool  
  15  1:11  Drone  
  15  1:17  Drone x2  
  18  1:21  Extractor  
  17  1:30  Drone  
  18  1:34  Extractor  
  18  1:39  Drone  
  18  1:49  Drone  
  19  1:58  Queen  
  19  2:00  Overlord  
  21  2:15  Drone  
  22  2:32  Drone x4  
  22  2:36  Queen x2  
  30  2:59  Roach Warren, Metabolic Boost  
  29  3:07  Spine Crawler  
  28  3:31  Lair  
  28  3:41  Roach x2  
  28  3:42  Roach x2  
  28  3:43  Overlord x2  
  36  4:04  Roach x2  
  36  4:05  Roach x2  
  44  4:38  Drone  
  44  4:39  Drone x7  
  44  4:45  Spire  
  51  4:57  Spore Crawler  
  50  5:43  Drone  
  50  5:44  Drone  
  50  5:49  Overlord x4  
  52  5:50  Overlord  
  52  5:56  Spore Crawler  
  51  5:57  Spore Crawler  
  51  5:58  Burrow  
  51  6:00  Drone  
  51  6:01  Drone x2, Extractor  
  51  6:02  Extractor  
  51  6:13  Spore Crawler, Zerg Flyer Weapons Level 1  
  51  6:15  Drone  
  51  6:16  Drone x5  
  56  6:59  Drone x4  
  56  7:00  Drone x2  
  62  7:11  Mutalisk  
  62  7:12  Mutalisk x6  
  76  7:30  Mutalisk  
  76  7:31  Mutalisk x4  
  86  7:49  Overlord x4  
  86  8:04  Hatchery  
  85  8:10  Mutalisk x4  
  94  8:27  Drone x8  
  94  8:28  Drone x2  
  103  8:46  Mutalisk  
  103  8:47  Mutalisk x3  
  107  8:57  Overseer x2  
  107  9:01  Spore Crawler  
  99  9:33  Mutalisk  
  99  9:34  Mutalisk x3  
  99  9:35  Zergling x12  
  111  9:58  Hatchery  
  82  10:34  Mutalisk x4  
  82  10:35  Mutalisk x2  
  92  10:41  Drone  
  92  10:42  Drone x3  
Show
View Real Time Build Order
Export as new Build Order

Massa Terran 

Build Orders: Hellion Opening 

Get SALT Encoding   

  12  0:08  SCV  
  13  0:20  SCV  
  14  0:24  Supply Depot  
  14  0:32  SCV  
  14  0:35  Refinery  
  15  0:46  SCV  
  15  0:47  Barracks  
  16  1:00  SCV  
  17  1:12  SCV  
  18  1:19  Refinery  
  18  1:24  SCV  
  19  1:40  Orbital Command, Factory  
  19  1:48  Marine  
  20  2:12  Barracks Reactor  
  20  2:14  Command Center  
  20  2:28  Hellion  
  22  2:32  Supply Depot  
  22  2:44  SCV  
  23  2:56  SCV, Hellion  
  23  2:57  Hellion  
  28  2:59  Marine  
  29  3:08  SCV  
  30  3:21  SCV  
  30  3:26  Hellion x2, Supply Depot  
  35  3:33  SCV  
  32  3:47  Hellion x2  
  36  3:51  Orbital Command  
  36  4:07  Starport  
  36  4:09  Starport, Barracks Tech Lab  
  36  4:21  SCV x2, Hellion  
  40  4:35  Barracks Tech Lab  
  40  4:37  Hellion  
  42  4:39  SCV x2  
  42  4:42  Hellion  
  46  4:51  SCV  
  47  4:54  SCV  
  48  5:03  SCV  
  48  5:06  SCV  
  48  5:15  SCV  
  53  5:28  Supply Depot  
  53  5:29  Supply Depot x2  
  53  5:30  Banshee  
  53  5:32  Supply Depot  
  53  5:34  Hyperflight Rotors  
  53  5:35  Cloaking Field  
  52  5:36  Barracks Tech Lab  
  52  5:39  Supply Depot  
  52  5:41  SCV  
  52  5:42  SCV, Banshee  
  57  5:54  SCV x2  
  57  5:56  Engineering Bay  
  59  5:57  Armory  
  59  6:01  Refinery  
  59  6:06  SCV x2  
  61  6:13  Banshee, Stimpack  
  61  6:18  SCV x2  
  66  6:19  Refinery  
  66  6:25  Banshee  
  69  6:50  SCV  
  69  6:51  SCV  
  71  6:55  Command Center  
  71  6:56  Banshee  
  74  7:03  SCV x2  
  76  7:08  Banshee  
  76  7:15  SCV  
  80  7:17  Widow Mine x2  
  80  7:18  Marine  
  85  7:25  Barracks  
  85  7:31  Barracks  
  85  7:33  Barracks  
  85  7:37  Marauder  
  87  7:38  Widow Mine  
  87  7:39  Widow Mine, Banshee  
  94  7:51  Banshee  
  97  8:00  Widow Mine x2  
  101  8:28  Barracks Reactor  
  101  8:29  Barracks Reactor, Barracks Tech Lab  
  101  8:30  Marauder  
  101  8:32  Concussive Shells  
  103  8:38  Widow Mine x2  
  107  8:48  SCV x2  
  108  8:49  Orbital Command  
  108  8:52  Marauder  
  111  9:00  Widow Mine x2, SCV x2  
  103  9:21  Widow Mine  
  83  9:31  Widow Mine  
  83  9:32  Marauder x2  
  83  9:33  Marine x4  
  83  9:36  Medivac x2  
  95  9:42  Widow Mine, SCV x3  
  96  9:51  Marine x4  
  102  9:52  Widow Mine  
  102  9:54  SCV x3, Marauder x2  
  109  10:04  Widow Mine  
  109  10:06  SCV, Medivac x2  
  116  10:08  Marine  
  116  10:11  Marine x3  
  114  10:14  Widow Mine  
  114  10:15  Marauder x2  
  100  10:26  Marine  
  89  10:28  Marine x3  
  89  10:29  Widow Mine  
  89  10:35  Widow Mine  
  93  10:36  Marauder, Medivac x2  
  93  10:37  Marauder  
  101  10:44  Marine  
  101  10:46  Marine  
  101  10:47  SCV x3  
  106  10:53  Widow Mine  
  108  10:59  SCV  
  108  11:00  Missile Turret x2  
  108  11:02  Missile Turret  
Show
View Real Time Build Order
Export as new Build Order

qqq Zerg 

Build Orders: Hatch First, Lurkers 

Get SALT Encoding   

  12  0:02  Drone  
  13  0:10  Drone  
  14  0:22  Overlord  
  14  0:48  Hatchery  
  13  0:51  Drone x2  
  13  0:56  Drone  
  16  1:15  Extractor, Spawning Pool  
  16  1:17  Drone  
  15  1:25  Drone x2  
  17  1:36  Drone  
  18  1:46  Drone  
  19  1:57  Drone  
  21  2:01  Drone, Queen  
  21  2:04  Queen  
  25  2:08  Drone  
  26  2:17  Drone  
  26  2:20  Overlord  
  27  2:23  Metabolic Boost  
  27  2:29  Drone  
  28  2:40  Drone x2  
  28  2:43  Zergling x2  
  31  2:45  Zergling x2  
  31  2:50  Zergling x2  
  33  2:54  Zergling x2  
  34  3:04  Evolution Chamber  
  33  3:08  Zergling x4  
  34  3:14  Zergling x4  
  34  3:15  Overlord  
  36  3:20  Overlord  
  36  3:21  Overlord x3  
  36  3:27  Lair  
  36  3:35  Zerg Melee Weapons Level 1  
  36  3:39  Zergling x6  
  39  3:46  Zergling x4  
  41  3:52  Zergling x2  
  41  3:53  Zergling x2  
  43  4:08  Hatchery  
  43  4:09  Drone x2  
  44  4:10  Drone  
  42  4:21  Drone, Zergling x4  
  42  4:22  Drone  
  42  4:26  Drone  
  42  4:27  Drone, Zergling x2  
  44  4:52  Drone x6, Hydralisk Den  
  50  4:54  Extractor  
  48  5:08  Drone x2  
  48  5:11  Extractor  
  48  5:13  Extractor  
  48  5:29  Zerg Missile Weapons Level 1  
  48  5:34  Queen  
  48  5:35  Drone x2  
  52  5:44  Lurker Den  
  52  5:48  Drone x2  
  52  5:49  Drone x6, Infestation Pit  
  59  5:50  Drone x6  
  64  6:00  Drone x2  
  64  6:01  Drone  
  67  6:14  Evolution Chamber  
  63  6:30  Spine Crawler, Hydralisk x5  
  63  6:31  Hydralisk x2  
  63  6:32  Hydralisk  
  76  6:34  Zergling x6  
  81  6:41  Zerg Ground Armor Level 1  
  81  6:43  Drone  
  81  6:46  Extractor  
  81  6:47  Extractor  
  80  6:58  Hatchery  
  79  7:03  Hive  
  79  7:06  Hydralisk  
  79  7:08  Drone  
  82  7:09  Overlord x4  
  82  7:27  Lurker x2  
  82  7:28  Lurker  
  85  7:30  Lurker  
  85  7:31  Overlord x2  
  85  7:32  Drone x5  
  85  7:33  Drone  
  85  7:35  Drone  
  85  7:37  Drone  
  94  7:38  Drone  
  94  7:43  Zerg Missile Weapons Level 2  
  95  7:49  Muscular Augments  
  95  8:10  Hydralisk x4  
  95  8:11  Hydralisk  
  95  8:12  Hydralisk x3  
  111  8:18  Spine Crawler, Queen  
  112  8:26  Hydralisk x3  
  116  8:28  Zergling x2  
  104  8:37  Hydralisk x3  
  104  8:38  Hydralisk  
  102  8:44  Hydralisk x2  
  100  8:50  Spore Crawler  
  100  8:53  Spore Crawler  
  100  8:54  Spore Crawler  
  97  8:58  Spore Crawler  
  97  9:00  Spore Crawler  
  95  9:03  Spore Crawler x2  
  95  9:04  Spore Crawler  
  95  9:07  Spore Crawler  
  91  9:12  Hydralisk x2  
  91  9:13  Hydralisk  
  97  9:23  Hydralisk x2  
  97  9:24  Hydralisk  
  101  9:26  Drone  
  101  9:27  Drone  
  105  9:39  Overseer x2  
  94  10:02  Hydralisk  
  94  10:03  Hydralisk x6  
  102  10:12  Hydralisk x3  
  86  10:18  Viper  
  86  10:19  Viper  
  82  10:22  Zergling x2  
  82  10:23  Zergling x2  
  84  10:30  Zergling x6  
  84  10:31  Zergling x2  
  84  10:33  Lurker x2  
  63  10:56  Ultralisk Cavern  
Tags
 
Add a new tag
Caveats
  • Supply blocks, unpowered buildings, or Contaminate may cause inaccurate times.
  • Supply counts are checked every 10 seconds.